 Dungeon Crawl Stone Soup version 0.31.0-10-gcf4a605ca0 (webtiles) character file.

Game seed: 12459290333910977410

12178715 dannycarnage the Conqueror (level 27, 199/199 HPs)
             Began as a Gargoyle Fighter on Jan 22, 2024.
             Was the Champion of the Shining One.
             Escaped with the Orb
             ... and 15 runes on Jan 25, 2024!
             The game lasted 10:01:45 (132769 turns).

dannycarnage the Conqueror (Gargoyle Fighter)     Turns: 132769, Time: 10:01:46

Health: 199/199    AC: 67    Str: 40      XL:     27
Magic:  19/40      EV: 18    Int:  9 (12) God:    the Shining One [******]
Gold:   10261      SH: 36    Dex: 11 (13) Spells: 37/50 levels left

rFire   + + +        a - +9 sacred scourge (holy)
rCold   + + .        i - +7 tower shield of Follow the Leader {rF+ rCorr}
rNeg    + + +        W - +13 crystal plate armour
rPois   ∞            L - +2 helmet "Wekazipt" {rPois Will+ Dex+4}
rElec   +            k - scarf {rC+ rF+}
rCorr   +            w - +0 pair of gloves
SInv    +            E - +1 pair of boots {rampage}
Will    +++..        f - amulet "Ofot" {Reflect Str+5 SH+5} Stlth
                     O - ring "Lel Yxzo" {rCorr SInv}
HPRegen 0.53/turn    y - ring of Paranoia {rF+ rC+ Str+4}
MPRegen 0.27/turn

%: reflection, clarity, rampage
@: flying, glowing, studying 3 skills
A: sickness immunity, AC +20, big wings, negative energy resistance 1,
electricity resistance, torment resistance 1, petrification resistance, clarity,
deformed body
0: Orb of Zot
}: 15/15 runes: decaying, serpentine, slimy, silver, golden, iron, obsidian,
icy, bone, abyssal, demonic, glowing, magical, fiery, dark
a: Renounce Religion, Divine Shield, Cleansing Flame, Summon Divine Warrior


You escaped.
You worshipped the Shining One.
The Shining One was exalted by your worship.
You visited 18 branches of the dungeon, and saw 88 of its levels.
You visited Pandemonium 1 time, and saw 16 of its levels.
You visited the Abyss 2 times.
You visited 1 ziggurat, and saw 7 of its levels.
You also visited: Trove and Volcano.

You collected 15627 gold pieces.
You spent 5366 gold pieces at shops.

Inventory:

Hand Weapons
 a - a +9 sacred scourge of holy wrath (weapon)
 b - the +10 morningstar "Eos" {elec, Halo rElec}
   (You found it on level 7 of Cocytus)

   Halo:      It grants its wielder a halo, revealing invisible creatures and
   increasing accuracy against all within it other than the wielder.
   rElec:     It insulates you from electricity.
Missiles
 P - 6 darts of dispersal
 V - 14 silver javelins
Armour
 i - the +7 tower shield of Follow the Leader (worn) {rF+ rCorr}
   (You acquired it on level 4 of a ziggurat)

   rF+:       It protects you from fire.
   rCorr:     It protects you from acid and corrosion.
 k - a scarf of resistance (worn)
 w - a +0 pair of gloves (worn)
 E - a +1 pair of boots of rampaging (worn)
 L - the +2 helmet "Wekazipt" (worn) {rPois Will+ Dex+4}
   (You bought it in a shop on level 8 of the Dungeon)

   Dex+4:     It affects your dexterity (+4).
   rPois:     It protects you from poison Will+: It increases your willpower.
 M - the +0 kite shield "Qetar" {Will+ Str+2 Int+3}
   (You acquired it on level 1 of the Depths)

   Str+2:     It affects your strength (+2).
   Int+3:     It affects your intelligence (+3).
   Will+:     It increases your willpower.
 W - a +13 crystal plate armour (worn)
Jewellery
 f - the amulet "Ofot" (around neck) {Reflect Str+5 SH+5}
   (You bought it in a shop on level 1 of the Snake Pit)

   [amulet of reflection]

   Reflect:   It reflects blocked missile attacks.
   Str+5:     It affects your strength (+5).
   SH+5:      It affects your SH (+5).
 r - a ring of the Octopus King {Wiz HP+2 AC+2 EV+2 SH+2}
   (You found it in a treasure trove)

   [ring of wizardry]

   Wiz:       It improves your spell success rate.
   AC+2:      It affects your AC (+2).
   EV+2:      It affects your evasion (+2).
   HP+2:      It affects your health (+2).
   SH+2:      It affects your SH (+2).
 y - the ring of Paranoia (right hand) {rF+ rC+ Str+4}
   (You took it off a deep elf blademaster on level 3 of the Elven Halls)

   [ring of protection from cold]

   Str+4:     It affects your strength (+4).
   rF+:       It protects you from fire.
   rC+:       It protects you from cold.
 I - a ring of protection from cold
 O - the ring "Lel Yxzo" (left hand) {rCorr SInv}
   (You found it on level 2 of the Swamp)

   [ring of see invisible]

   SInv:      It lets you see invisible.
   rCorr:     It protects you from acid and corrosion.
Wands
 c - a wand of quicksilver (24) (quivered)
 s - a wand of polymorph (44)
 x - a wand of mindburst (49)
 z - a wand of charming (63)
 D - a wand of digging (12)
 J - a wand of flame (40)
 R - a wand of roots (81)
Scrolls
 e - 9 scrolls of noise
 g - 12 scrolls of fear
 t - 25 scrolls of teleportation
 u - 3 scrolls of butterflies
 A - 8 scrolls of fog
 B - 4 scrolls of blinking
 G - 6 scrolls of amnesia
 S - 8 scrolls of vulnerability
 U - 19 scrolls of poison
 X - 11 scrolls of immolation
Potions
 d - 2 potions of might
 h - a potion of haste
 j - 10 potions of enlightenment
 l - 3 potions of heal wounds
 m - 4 potions of lignification
 n - 7 potions of resistance
 o - a potion of magic
 p - 5 potions of berserk rage
 q - 12 potions of curing
 v - 2 potions of cancellation
 K - 13 potions of brilliance
 N - 4 potions of attraction
 Y - 7 potions of mutation
Miscellaneous
 C - a phantom mirror
 Q - a condenser vane
 T - a phial of floods
 Z - a lightning rod (4/4)


   Skills:
 O Level 27 Fighting
 - Level 14.0 Maces & Flails
 - Level 5.0 Throwing
 O Level 27 Armour
 O Level 27 Dodging
 O Level 27 Shields
 - Level 12.0 Spellcasting
 - Level 12.0 Translocations
 O Level 27 Invocations
 + Level 21.4 Evocations


You had 37 spell levels left.
You knew the following spells:

 Your Spells              Type           Power      Damage    Failure   Level
a - Lesser Beckoning      Tloc           54%        N/A       1%          2
b - Blink                 Tloc           54%        N/A       1%          2
c - Passage of Golubria   Tloc           27%        N/A       3%          4
d - Apportation           Tloc           54%        N/A       1%          1
e - Manifold Assault      Tloc           27%        N/A       3%          4

Your spell library contained the following spells:

 Spells                   Type           Power      Damage    Failure   Level
 Gell's Gravitas          Tloc           27%        N/A       1%          3
 Teleport Other           Tloc           27%        N/A       1%          3
 Momentum Strike          Conj/Tloc      32%        3d8       5%          2
 Volatile Blastmotes      Fire/Tloc      32%        2d12      11%         3
 Dimensional Bullseye     Hex/Tloc       8%         N/A       34%         4
 Iskenderun's Mystic Bla  Conj/Tloc      16%        2d5       34%         4
 Vhi's Electric Charge    Tloc/Air       32%        N/A       34%         4
 Foxfire                  Conj/Fire      20%        2x1d5     38%         1
 Freeze                   Ice            20%        1d4       38%         1
 Kiss of Death            Conj/Necr      20%        2d7       38%         1
 Magic Dart               Conj           20%        1d4       38%         1
 Necrotise                Necr           20%        1d5       38%         1
 Shock                    Conj/Air       20%        1d4       38%         1
 Slow                     Hex            20%        N/A       38%         1
 Sting                    Conj/Alch      20%        1d4       38%         1
 Summon Small Mammal      Summ           20%        N/A       38%         1
 Dispersal                Tloc           13%        N/A       43%         6
 Call Imp                 Summ           10%        N/A       54%         2
 Ensorcelled Hibernation  Hex/Ice        10%        N/A       54%         2
 Jinxbite                 Hex            10%        N/A       54%         2
 Mercury Vapours          Alch/Air       10%        N/A       54%         2
 Searing Ray              Conj           10%        2d4       54%         2
 Summon Forest            Summ/Tloc      8%         N/A       69%         5
 Call Canine Familiar     Summ           5%         N/A       77%         3
 Confusing Touch          Hex            5%         N/A       77%         3
 Frozen Ramparts          Ice            10%        1d2       77%         3
 Fugue of the Fallen      Necr           5%         N/A       77%         3
 Hailstorm                Conj/Ice       5%         3d5       77%         3
 Inner Flame              Hex/Fire       5%         N/A       77%         3
 Mephitic Cloud           Conj/Alch/Air  5%         N/A       77%         3
 Ozocubu's Armour         Ice            5%         N/A       77%         3
 Passwall                 Erth           5%         N/A       77%         3
 Sigil of Binding         Hex            5%         N/A       77%         3
 Stone Arrow              Conj/Erth      10%        3d7       77%         3
 Summon Ice Beast         Ice/Summ       5%         N/A       77%         3
 Swiftness                Air            5%         N/A       77%         3
 Tukima's Dance           Hex            5%         N/A       77%         3
 Vampiric Draining        Necr           5%         2d6       77%         3
 Airstrike                Air            2%         2d(1-17)  99%         4
 Anguish                  Hex/Necr       2%         N/A       99%         4
 Animate Armour           Summ/Erth      10%        N/A       99%         4
 Cause Fear               Hex            2%         N/A       99%         4
 Dispel Undead            Necr           5%         3d7       99%         4
 Fulminant Prism          Conj/Alch      2%         3d5       99%         4
 Ignite Poison            Fire/Alch      5%         N/A       99%         4
 Leda's Liquefaction      Alch/Erth      2%         N/A       99%         4
 Martyr's Knell           Necr/Summ      5%         N/A       99%         4
 Olgreb's Toxic Radiance  Alch           5%         N/A       99%         4
 Summon Blazeheart Golem  Fire/Summ      5%         N/A       99%         4
 Summon Lightning Spire   Summ/Air       5%         N/A       99%         4
 Alistair's Intoxication  Alch           3%         N/A       100%        5
 Arcjolt                  Conj/Air       2%         1d12      100%        5
 Borgnjor's Vile Clutch   Necr/Erth      2%         N/A       100%        5
 Fireball                 Conj/Fire      2%         3d4       100%        5
 Freezing Cloud           Conj/Ice/Air   2%         6-21      100%        5
 Irradiate                Conj/Alch      2%         3d12      100%        5
 Iskenderun's Battlesphe  Conj           5%         2d6       100%        5
 Lee's Rapid Deconstruct  Erth           2%         3d5*      100%        5
 Metabolic Englaciation   Hex/Ice        2%         N/A       100%        5
 Summon Mana Viper        Hex/Summ       5%         N/A       100%        5
 Yara's Violent Unravell  Hex/Alch       2%         3d3       100%        5
 Bombard                  Conj/Erth      2%         9d1       100%        6
 Death Channel            Necr           2%         N/A       100%        6
 Plasma Beam              Fire/Air       2%         2x1d12    100%        6
 Sculpt Simulacrum        Ice/Alch       2%         N/A       100%        6
 Summon Cactus Giant      Summ           2%         N/A       100%        6
 Enfeeble                 Hex            2%         N/A       100%        7
 Haunt                    Necr/Summ      2%         N/A       100%        7
 Malign Gateway           Summ/Tloc      8%         N/A       100%        7
 Ozocubu's Refrigeration  Ice            2%         4d8       100%        7
 Spellforged Servitor     Conj/Summ      2%         N/A       100%        7
 Summon Hydra             Summ           2%         N/A       100%        7
 Borgnjor's Revivificati  Necr           2%         N/A       100%        8
 Discord                  Hex            2%         N/A       100%        8
 Ignition                 Fire           2%         3d3       100%        8
 Infestation              Necr           2%         N/A       100%        8
 Lehudib's Crystal Spear  Conj/Erth      2%         10d2      100%        8
 Maxwell's Capacitive Co  Air            2%         ∞         100%        8
 Death's Door             Necr           2%         N/A       100%        9
 Dragon's Call            Summ           2%         N/A       100%        9
 Polar Vortex             Ice            2%         N/A       100%        9
 Cigotuvi's Dreadful Rot  Necr/Alch/Air  Unusable   N/A       N/A         2
 Sublimation of Blood     Necr           Unusable   N/A       N/A         2

Dungeon Overview and Level Annotations

Branches:
Dungeon (15/15)            Temple (1/1) D:4            Lair (5/5) D:8
  Swamp (4/4) Lair:3        Snake (4/4) Lair:2        Slime (5/5) Lair:4
    Orc (2/2) D:11            Elf (3/3) Orc:2        Vaults (5/5) D:13
  Crypt (3/3) Vaults:2       Tomb (3/3) Crypt:3      Depths (4/4) D:15
   Hell (visited)             Dis (7/7) Hell            Geh (7/7) Hell
    Coc (7/7) Hell            Tar (7/7) Hell            Zot (5/5) Depths:4
Volcano (visited)

Altars:
Ashenzari
Cheibriados
Dithmenos
Elyvilon
Fedhas
Gozag
Hepliaklqana
Kikubaaqudgha
Makhleb
Nemelex Xobeh
Okawaru
Qazlal
Ru
Sif Muna
Trog
Uskayaw
Vehumet
Wu Jian
Xom
Yredelemnul
Zin
The Shining One
Jiyva

Shops:
D:3 :   D:8 [?[   D:12 [   Orc:2 (*:   Elf:1 [   Elf:3 *   Snake:1 =:=
Snake:3 ?   Vaults:4 ?   Vaults:5 ![

Portals:
Hell: Depths:1 Depths:2 Depths:3 Depths:4
Abyss: Depths:3
Pandemonium: Depths:2 Depths:3

Annotations:
D:3 exclusion: door
D:6 3 runed translucent doors, exclusion: 3 doors, Hans's ghost, novice MfSh
D:7 2 runed translucent doors
Elf:2 3 runed translucent doors, exclusion: 3 doors
Depths:3 2 transporters
Dis:6 36 runed translucent doors, exclusion: 17 doors
Zot:4 36 runed translucent doors, exclusion: 36 doors


Innate Abilities, Weirdness & Mutations

You are immune to sickness and miasma.
Your stone body is resilient. (AC +20)
You are immune to poison.
Your large and strong wings let you fly.
You resist negative energy. (rN+)
You are resistant to electric shocks. (rElec)
You are resistant to unholy torment.
You are immune to petrification.
You possess an exceptional clarity of mind.
Armour fits poorly on your strangely shaped body.


Message History

a +0 hand axe; an orc skeleton
Items here: )) [ ÷÷.
You see here a +0 dagger.
There is a stone staircase leading up here.
You fly upwards.
There is a stone staircase leading down here.
There is a stone staircase leading up here.
You fly upwards.
There is a stone staircase leading down here.
An efreet comes into view.
It is wielding a +4 scimitar of flaming.
Casting: Manifold Assault (mildly dangerous; 3% risk of failure)
Confirm with . or Enter, or press ? or * to list all spells.
Space momentarily warps into an impossible shape!
You whack the efreet!
The efreet convulses!
Casting: Manifold Assault (mildly dangerous; 3% risk of failure)
Confirm with . or Enter, or press ? or * to list all spells.
Space momentarily warps into an impossible shape!
You thrash the efreet!!
You kill the efreet!
The Shining One accepts your kill.
You feel your power returning.
A Herphouh, a lich, a tentacled monstrosity and a chaos spawn come into view.
Press: ? - help, v - describe, . - travel
Here: Herphouh (haloed)
The floor.
Blink to where?
Press: ? - help, Dir - move target
As you read the scroll of blinking, it crumbles to dust.
The lich shouts!
The chaos spawn shouts in stereo!
The tentacled monstrosity moves out of view.
Blink to where?
Press: ? - help, Dir - move target
As you read the scroll of blinking, it crumbles to dust.
Blink to where?
Press: ? - help, Dir - move target
As you read the scroll of blinking, it crumbles to dust.
Blink to where?
Press: ? - help, Dir - move target
As you read the scroll of blinking, it crumbles to dust.
You have escaped!

##############
#~P~.........#
#PP~##.###.@.#
#P§P##.# #...#
#.##PPP# ###.#
#.##P~~# #.#
#...~P~#####.#
#§#####~PP...#
# #4# #PP~##.#
# #.###
#~~P##.# #
###&.X#
#.##PP~#


There were no monsters in sight!

Vanquished Creatures
  Cerebov (Pan)
  Antaeus (Coc:7)
  Asmodeus (Geh:7)
  the Royal Jelly (Slime:5)
  Ereshkigal (Tar:7)
  Lom Lobon (Pan)
  Gloorx Vloq (Pan)
  2 orbs of fire
  Khufu (Crypt:3)
  6 dread liches
  5 ancient liches
  Mara (Depths:3)
  7 juggernauts
  38 royal mummies
  Boris (twice) (Vaults:1 Crypt:2)
  Xtahua (Crypt:1)
  Vv (Depths:2)
  A Killer Klown (Zot:5)
  Saint Roka (Depths:2)
  7 shard shrikes
  Margery (Vaults:4)
  Vashnia (Snake:2)
  5 curse toes
  Geryon (Hell)
  29 caustic shrikes
  Nikola (Vaults:2)
  6 pandemonium lords
  7 profane servitors
  the Enchantress (Arena)
  9 golden dragons
  12 doom hounds
  Norris (Elf:1)
  20 bone dragons
  3 electric golems
  15 Brimstone Fiends
  27 Tzitzimimeh
  17 iron giants
  A spectral shard shrike (Tar:4)
  Jorgrun (Orc:2)
  Zenata (Elf:1)
  21 Orb Guardians
  8 hellephants
  11 liches
  32 Ice Fiends
  17 tentacled monstrosities
  23 Hell Sentinels
  Grunn (Zot:1)
  15 tainted leviathans
  Asterion (Arena)
  23 titans
  5 deep elf blademasters
  23 searing wretches
  37 ancient champions
  Murray (Hell)
  6 deep elf master archers
  6 quicksilver dragons
  9 sphinxes
  19 acid blobs
  9 death cobs
  18 Executioners
  5 tentacled starspawn
  Gastronok (Orc:1)
  13 storm dragons
  12 shadow dragons
  2 thorn hunters (Swamp:4)
  10 demonspawn warmongers
  4 azure jellies
  4 tengu reavers
  8 nagarajas
  7 rockslimes
  12 narguns
  2 revenants
  4 fenstrider witches
  29 fire giants
  5 draconian knights
  4 draconian monks
  10 protean progenitors
  16 frost giants
  16 quicksilver elementals
  3 ghost moths
  5 draconian shifters
  2 deep elf elementalists (Elf:3)
  Louise (Elf:1)
  20 vault wardens
  7 deep elf sorcerers
  9 iron dragons
  4 draconian scorchers
  3 curse skulls
  The ghost of Kiokkeho the Brawler, a journeyman TrMo of Qazlal (D:13)
  3 spectral juggernauts
  35 balrugs
  A caustic shrike zombie (Depths:1)
  2 spectral caustic shrikes
  10 shard shrike simulacra
  22 ironbound preservers
  14 ghouls
  39 reapers
  5 draconian stormcallers
  24 stone giants
  3 caustic shrike skeletons (Pan)
  10 cacodemons
  4 orc warlords
  7 quicksilver oozes
  4 spriggan defenders
  11 draconian annihilators
  7 juggernaut skeletons
  8 demonspawn blood saints (Pan)
  5 demonspawn corrupters (Pan)
  9 ironbound thunderhulks
  14 very ugly things
  7 demonspawn black suns
  11 green draconians
  25 putrid mouths
  6 deep elf demonologists
  8 deep elf death magi
  24 elemental wellsprings
  10 bennus
  6 formless jellyfish
  2 spectral titans
  3 eleionomae (Swamp:3)
  10 vampire knights
  11 black draconians
  14 wendigos
  9 lorocyprocas (Pan)
  12 red draconians
  15 white draconians
  22 war gargoyles
  11 deep elf annihilators
  2 dire elephants
  4 yellow draconians
  5 bunyips
  The ghost of Dirian the Cleaver, a journeyman MiFi of Okawaru (D:13)
  6 purple draconians
  25 blizzard demons
  2 spectral quicksilver dragons (Tar:4)
  6 eidola
  14 ettins
  A merfolk javelineer (Depths:3)
  2 jiangshi
  23 iron golems
  20 green deaths
  2 entropy weavers
  19 yaktaur captains
  A merfolk impaler (Depths:1)
  2 shambling mangroves (Swamp:3)
  24 mummy priests
  Josephine (D:15)
  12 fire dragons
  5 deep elf high priests
  42 vault guards
  4 spectral spriggans
  Fannar (D:12)
  12 juggernaut simulacra
  9 salamander tyrants
  12 caustic shrike simulacra
  12 rakshasas
  2 spriggan zombies
  10 ice dragons
  6 great orbs of eyes
  18 hydras
  2 catoblepae
  3 jorogumos (Pan)
  2 hell beasts
  14 ironbound frosthearts
  3 ogre magi
  14 stokers
  2 radroaches (Zot:2)
  4 death knights
  A merfolk avatar (Lair:5)
  5 spriggan air magi
  8 centaur warriors
  7 anacondas
  12 boulder beetles
  A spectral stone giant (Tar:4)
  9 alligators
  6 two-headed ogres
  4 tengu warriors
  11 deep troll shamans
  47 hell hogs
  96 death scarabs
  22 dancing weapons
  6 demonic crawlers
  12 naga warriors
  A sphinx skeleton (Crypt:1)
  5 deep troll earth magi
  6 orc high priests (Orc:2)
  5 thrashing horrors
  18 naga sharpshooters
  10 shock serpents
  10 death yaks
  4 occultists
  8 spriggan berserkers
  5 vampire magi
  4 hell knights
  13 spriggans
  39 sun demons
  22 soul eaters
  15 crystal echidnas
  A spectral dire elephant (Tar:5)
  18 deep elf knights
  A titan skeleton (Tomb:2)
  7 skysharks
  7 wretched stars
  A hellephant skeleton (Pan)
  8 iron trolls
  24 shadow wraiths
  52 skeletal warriors
  A spatial maelstrom (Abyss:4)
  A death drake (Swamp:4)
  4 salamander mystics
  20 sixfirhies
  8 goliath frogs
  2 spriggan druids
  An anaconda zombie (Hell)
  4 quicksilver dragon simulacra
  8 mana vipers
  A storm dragon skeleton (Crypt:3)
  9 swamp dragons
  A kraken simulacrum (Hell)
  2 glowing orange brains
  4 naga ritualists
  A sea snake (Snake:3)
  8 arcanists
  4 spectral anacondas
  45 deep trolls
  15 deep elf archers
  A flayed ghost (Crypt:1)
  4 bog bodies
  A sun moth (shapeshifter) (Depths:1)
  An iron dragon zombie (Vaults:4)
  10 shadow demons
  A glowing orange brain (shapeshifter) (Vaults:5)
  18 ironbound convokers
  Pikel (D:4)
  6 necromancers
  A tengu zombie (Vaults:1)
  A fenstrider witch simulacrum (Coc:1)
  4 sun moths (Pan)
  2 harpies (shapeshifter)
  20 deep elf zephyrmancers
  2 anaconda skeletons
  8 phantasmal warriors
  14 lindwurms
  4 spriggan simulacra
  2 spectral iron dragons (Tar:5)
  2 harpies
  8 large abominations
  2 bunyip skeletons
  10 orc knights
  3 alligator zombies (Hell)
  10 orc sorcerers
  2 oklob plants (Lair:4)
  25 deep elf pyromancers
  5 shining eyes
  An iron giant skeleton (Crypt:3)
  A stone giant zombie (Tomb:2)
  20 ugly things
  A wolf spider (Depths:1)
  5 will-o-the-wisps
  A moth of wrath (shapeshifter) (Depths:1)
  3 manticores
  4 cyclopes
  Maurice (D:7)
  3 alligator skeletons
  An iron dragon skeleton (Crypt:2)
  14 moths of wrath
  12 vault sentinels
  34 black mambas
  14 salamanders
  Joseph (D:7)
  2 guardian serpents
  11 rust devils
  An eye of devastation (shapeshifter) (Vaults:5)
  2 ice statues (Hell)
  An apocalypse crab (Abyss:4)
  27 smoke demons
  5 eyes of devastation
  12 naga magi
  11 cane toads
  5 gargoyles
  5 titan simulacra
  13 orange demons
  2 alligator snapping turtle skeletons
  9 unseen horrors
  4 centaur skeletons (Crypt:3)
  A catoblepas zombie (Crypt:2)
  A torpor snail (Lair:3)
  A dire elephant skeleton (Crypt:3)
  7 efreet
  A sea snake zombie (Hell)
  A swamp worm zombie (Crypt:2)
  8 rime drakes
  Jeremiah (D:7)
  A kobold demonologist (D:13)
  9 freezing wraiths
  24 hellions
  12 komodo dragons
  34 yaktaurs
  24 tormentors
  An anaconda simulacrum (Coc:4)
  An ancient zyme (Abyss:4)
  2 golden dragon simulacra (Coc:7)
  4 ice devils
  A sea snake skeleton (Hell)
  48 guardian mummies
  A spectral naga (Tar:6)
  2 red devils (Pan)
  3 spectral harpies
  4 trolls
  2 harpy zombies
  2 iron giant simulacra
  2 tengu conjurers
  3 silent spectres
  18 hornets
  6 polar bears
  10 tyrant leeches
  15 hellwings (Pan)
  A shadow dragon simulacrum (Hell)
  5 harpy skeletons
  11 blink frogs
  Grinder (D:3)
  4 raiju
  2 glass eyes (Slime:5)
  A raiju (shapeshifter) (Elf:3)
  A glass eye (shapeshifter) (Vaults:5)
  2 deep troll zombies
  A fire giant simulacrum (Depths:1)
  4 snapping turtles (Lair:5)
  4 iron dragon simulacra
  An ettin zombie (Abyss:4)
  An ice dragon zombie (Tomb:1)
  3 dream sheep (Lair:3)
  An elf zombie (Vaults:4)
  135 slime creatures
  2 stone giant simulacra
  A snapping turtle (shapeshifter) (Vaults:5)
  A spectral black mamba (Tar:1)
  8 ynoxinuls
  2 air elementals (Elf:2)
  4 centaur simulacra (Coc:1)
  6 dire elephant simulacra
  A small abomination (Depths:1)
  3 ettin skeletons
  11 wraiths
  2 shadows
  9 wyverns
  A jumping spider (Vaults:1)
  28 ushabtiu
  11 water elementals
  A fire bat (Pan)
  69 yaks
  20 starcursed masses
  3 fire elementals
  A golden eye (Zig:5)
  8 redbacks (D:12)
  2 alligator snapping turtle simulacra (Coc:2)
  7 wargs
  24 vampire mosquitoes
  8 basilisks
  3 steam dragons
  9 neqoxecs
  A naga zombie (Tomb:2)
  A glowing shapeshifter zombie (Vaults:4)
  A human simulacrum (Vaults:1)
  46 nagas
  17 chaos spawn
  19 swamp worms
  15 harpy simulacra
  3 acid dragons
  3 hydra simulacra
  A naga skeleton (Crypt:3)
  2 swamp worms (shapeshifter)
  Duvessa (D:7)
  2 two-headed ogre skeletons
  8 swamp drakes
  17 orc warriors
  12 water moccasins
  Pargi (D:3)
  2 sky beasts
  A black bear (D:5)
  42 laughing skulls
  A glowing shapeshifter skeleton (Depths:1)
  A hornet zombie (Crypt:1)
  21 wolves
  2 ogres (D:11)
  2 boggarts
  The ghost of unihiutale the Trooper, an amateur HuWn (D:3)
  20 centaurs
  6 ettin simulacra
  A centaur (shapeshifter) (D:13)
  A snapping turtle skeleton (Crypt:1)
  A swamp dragon skeleton (Hell)
  3 lemures
  2 phantoms
  2 kobold brigands
  A weeping skull (Volcano)
  4 earth elementals
  A fire crab zombie (Crypt:3)
  10 bullfrogs
  6 brain worms
  3 necrophages
  3 gnoll sergeants
  A scorpion (Depths:1)
  A deep troll simulacrum (Coc:1)
  3 naga simulacra
  A wyvern zombie (Crypt:1)
  7 wights
  Dowan (D:7)
  9 killer bees (D:7)
  A troll skeleton (Volcano)
  A shapeshifter skeleton (Crypt:3)
  9 spriggan skeletons
  4 electric eels
  7 howler monkeys
  A crimson imp (Abyss:4)
  4 hounds
  6 jellies
  28 orc priests
  A bombardier beetle (D:6)
  A gnoll bouda (D:7)
  A sleepcap (D:7)
  Ijyb (D:3)
  3 iguanas
  39 orc wizards
  A hell rat (Depths:1)
  A killer bee zombie (Crypt:1)
  2 tengu skeletons
  44 mummies
  15 gnolls
  A howler monkey skeleton (Crypt:2)
  6 adders
  A shadow imp (D:7)
  A white imp (D:7)
  2 adder skeletons (Crypt:3)
  3 dart slugs
  A ribbon worm (D:4)
  117 orcs
  4 bats
  8 endoplasms
  6 giant cockroaches
  9 goblins
  13 hobgoblins
  4 jackals (D:2)
  17 kobolds
  3 quokkas
  5 ball pythons
  3 frilled lizards
  2 giant cockroach zombies
  A kobold skeleton (Crypt:1)
  An orc skeleton (Crypt:3)
  6 rats
  A rat zombie (Crypt:3)
  A river rat skeleton (Crypt:1)
  An aspiring flesh (Pan)
  A ball lightning (Pan)
  4 creeping infernos
  4 fire vortices
  5 starspawn tentacles
3983 creatures vanquished.

Vanquished Creatures (collateral kills)
  Mnoleg (Pan)
  Dispater (Dis:7)
  An ancient lich (Zot:5)
  4 bone dragons
  2 profane servitors
  2 pandemonium lords (Pan)
  4 Tzitzimimeh
  A doom hound (Tar:6)
  2 Orb Guardians (Zot:5)
  A Hell Sentinel (Dis:7)
  7 tainted leviathans
  A searing wretch (Geh:7)
  2 acid blobs (Slime:5)
  3 Executioners (Pan)
  A demonspawn warmonger (Pan)
  2 rockslimes (Slime:5)
  2 narguns
  2 iron dragons (Dis:7)
  2 fire giants (Geh:7)
  7 balrugs
  5 ghouls (Tar:5)
  4 cacodemons (Pan)
  3 very ugly things (Pan)
  4 demonspawn corrupters (Pan)
  3 reapers
  2 juggernaut skeletons (Pan)
  3 putrid mouths
  A wendigo (Coc:7)
  2 iron golems
  A spectral iron giant (Tar:6)
  A spectral spriggan (Tar:6)
  An ice dragon (Pan)
  A caustic shrike simulacrum (Tar:5)
  A salamander tyrant (Geh:2)
  3 stokers (Geh:7)
  A hell beast (Geh:2)
  A two-headed ogre (Pan)
  2 dancing weapons (Dis:7)
  2 sun demons (Pan)
  A shadow wraith (Tar:7)
  2 large abominations (Pan)
  A sixfirhy (Pan)
  A shadow demon (Pan)
  A sun moth (Pan)
  2 oklob plants (Tar:5)
  A smoke demon (Pan)
  2 hellions (Pan)
  4 tormentors
  A red devil (Pan)
  2 dire elephant simulacra (Coc:7)
  A slime creature (Slime:5)
  A neqoxec (Pan)
  A chaos spawn (Pan)
  A laughing skull (Pan)
  A brain worm (Pan)
  A shadow imp (Tar:7)
  A fire vortex (Geh:7)
114 creatures vanquished.

Vanquished Creatures (others)
  A hellephant (Geh:3)
  An Ice Fiend (Coc:5)
  A titan (Crypt:2)
  An eldritch tentacle (Pan)
  A fire giant (Depths:3)
  2 shard shrike simulacra
  A balrug (Pan)
  A lorocyproca (Pan)
  A wendigo (Coc:7)
  2 caustic shrike simulacra (Coc:5)
  4 death scarabs (Tomb:3)
  2 quicksilver dragon simulacra (Coc:6)
  A swamp dragon (Swamp:4)
  An arcanist (Vaults:2)
  A fenstrider witch simulacrum (Coc:1)
  2 deep elf zephyrmancers
  A smoke demon (Pan)
  A yaktaur (Vaults:1)
  An anaconda simulacrum (Coc:7)
  An iron giant simulacrum (Coc:5)
  2 centaur simulacra (Coc:2)
  A ynoxinul (Pan)
  An ushabti (Tomb:3)
  2 harpy simulacra
  A small abomination (Zot:5)
  A white imp (D:7)
  10 ball lightnings
  2 creeping infernos
  A fire vortex (Geh:7)
  16 foxfires
  8 starspawn tentacles
72 creatures vanquished.

Grand Total: 4169 creatures vanquished

Notes
Turn   | Place    | Note
-------+----------+-------------------------------------------
     0 | D:1      | dannycarnage the Gargoyle Fighter began the quest for the
                  | Orb.
     0 | D:1      | Reached XP level 1. HP: 14/14 MP: 1/1
   138 | D:1      | Reached XP level 2. HP: 19/19 MP: 2/2
   198 | D:1      | You fall into a shaft and drop 1 floor!
   390 | D:1      | Reached XP level 3. HP: 21/23 MP: 3/3
  1057 | D:2      | Reached XP level 4. HP: 27/29 MP: 4/4
  1540 | D:3      | Found a runed translucent gate.
  1541 | D:3      | Found a runed translucent gate.
  1543 | D:3      | Found a runed translucent gate.
  1545 | D:3      | Noticed unihiutale's ghost (amateur HuWn)
  1749 | D:3      | Reached XP level 5. HP: 19/33 MP: 5/5
  1867 | D:3      | Noticed Pargi
  1912 | D:3      | Noticed Ijyb
  1947 | D:3      | Killed Ijyb
  2159 | D:4      | Noticed a lemure
  2159 | D:4      | Noticed Pikel
  2160 | D:4      | Noticed a lemure
  2273 | D:3      | Noticed Grinder
  2350 | D:3      | Found Bysuack's Book Shop.
  2371 | D:3      | Killed Pargi
  2372 | D:3      | Reached XP level 6. HP: 35/39 MP: 6/6
  3045 | D:3      | Killed Grinder
  3046 | D:3      | Reached skill level 5 in Fighting
  3046 | D:3      | Reached skill level 5 in Armour
  3046 | D:3      | Reached skill level 5 in Shields
  3046 | D:3      | Reached XP level 7. HP: 19/44 MP: 7/7
  3141 | D:3      | Found Bysuack's Book Shop.
  3497 | D:3      | Killed unihiutale's ghost
  3498 | D:3      | Reached skill level 5 in Maces & Flails
  3987 | D:4      | Killed Pikel
  3988 | D:4      | Reached XP level 8. HP: 22/49 MP: 8/8
  4202 | D:4      | Found a staircase to the Ecumenical Temple.
  4271 | Temple   | Entered the Ecumenical Temple
  4279 | Temple   | Became a worshipper of Warmaster Okawaru
  4324 | D:4      | Found a stormy altar of Qazlal.
  4975 | D:5      | Entered Level 5 of the Dungeon
  5313 | D:5      | Reached XP level 9. HP: 38/55 MP: 9/9
  5569 | D:5      | Found a glowing silver altar of Zin.
  5656 | D:6      | Reached * piety under Okawaru
  5773 | D:6      | Found a sacrificial altar of Ru.
  5942 | D:6      | Reached ** piety under Okawaru
  6058 | D:6      | Found a runed translucent gate.
  6058 | D:6      | Found a runed translucent gate.
  6059 | D:6      | Found a runed translucent gate.
  6060 | D:6      | Noticed Hans's ghost (novice MfSh)
  6061 | D:6      | Noticed a kobold demonologist
  6184 | D:6      | Reached skill level 10 in Maces & Flails
  6720 | D:7      | Noticed Maurice
  6791 | D:7      | Found a radiant altar of Vehumet.
  6905 | D:7      | Found a large runed translucent door.
  6910 | D:7      | Found a large runed translucent door.
  6910 | D:7      | Noticed a manticore
  6911 | D:7      | Noticed Joseph
  6936 | D:7      | Noticed a skeletal warrior
  6973 | D:6      | Reached XP level 10. HP: 63/63 MP: 10/10
  7122 | D:7      | Reached *** piety under Okawaru
  7464 | D:8      | Found Engioc's Antique Armour Shoppe.
  7573 | D:8      | Bought a brightly glowing helmet for 218 gold pieces
  7573 | D:8      | Identified the +2 helmet "Wekazipt" {rPois Will+ Dex+4}
                  | (You bought it in a shop on level 8 of the Dungeon)
  7625 | D:8      | Found Qeowo's Armour Shop.
  7686 | D:8      | Reached skill level 1 in Invocations
  7939 | D:8      | Found Weog's Magic Scroll Boutique.
  7947 | D:8      | Bought a scroll of blinking for 97 gold pieces
  7947 | D:8      | Bought a scroll of identify for 26 gold pieces
  7986 | D:8      | Found a broken altar of Ashenzari.
  8442 | D:8      | Found a staircase to the Lair.
  8987 | D:9      | Reached **** piety under Okawaru
  9093 | D:9      | Reached XP level 11. HP: 57/69 MP: 14/14
  9250 | D:9      | Reached skill level 5 in Invocations
  9815 | D:9      | Found a shimmering altar of Xom.
  9821 | D:9      | Found a glowing golden altar of the Shining One.
  9986 | D:10     | Entered Level 10 of the Dungeon
 10006 | D:10     | Found an ancient bone altar of Kikubaaqudgha.
 10234 | D:10     | Reached ***** piety under Okawaru
 10391 | D:10     | Noticed a two-headed ogre
 10399 | D:10     | Killed a two-headed ogre
 10399 | D:10     | Received a gift from Okawaru
 10400 | D:10     | Reached skill level 10 in Fighting
 11089 | D:11     | Found a hazy altar of Hepliaklqana.
 11309 | D:11     | Reached skill level 1 in Dodging
 11397 | D:11     | Noticed an orc knight
 11418 | D:11     | Killed an orc knight
 11775 | D:11     | Reached XP level 12. HP: 69/78 MP: 15/15
 12042 | D:11     | Found a staircase to the Orcish Mines.
 12471 | D:12     | Noticed Fannar
 12711 | Lair:1   | Entered Level 1 of the Lair of Beasts
 13095 | Lair:1   | Found a dark tunnel.
 13113 | Volcano  | Entered a volcano
 14271 | Lair:2   | Received a gift from Okawaru
 14413 | Lair:2   | Reached XP level 13. HP: 85/85 MP: 16/16
 14494 | Lair:2   | Reached skill level 1 in Throwing
 14494 | Lair:2   | Reached skill level 1 in Evocations
 14576 | Lair:2   | Found a staircase to the Snake Pit.
 14651 | Lair:2   | Reached skill level 10 in Armour
 14914 | Lair:2   | Found a sacrificial altar of Ru.
 15555 | Lair:3   | Received a gift from Okawaru
 16484 | Lair:3   | Found a staircase to the Swamp.
 16885 | Lair:4   | Reached skill level 5 in Throwing
 16888 | Lair:4   | Reached skill level 5 in Evocations
 17197 | Lair:4   | Received a gift from Okawaru
 17913 | Lair:4   | Gained mutation: Your large and strong wings let you fly.
                  | [Gargoyle growth]
 17913 | Lair:4   | Reached XP level 14. HP: 84/92 MP: 12/19
 18088 | Lair:4   | Found a staircase to the Slime Pits.
 18290 | Lair:5   | Entered Level 5 of the Lair of Beasts
 18856 | Lair:4   | Reached ****** piety under Okawaru
 18856 | Lair:4   | Received a gift from Okawaru
 18898 | Lair:4   | Acquired the +18 Lear's hauberk
 18898 | Lair:4   | Received a gift from Okawaru
 18898 | Lair:4   | Found the +18 Lear's hauberk
 18899 | Lair:4   | Acquired a +5 demon whip of pain
 18899 | Lair:4   | Received a gift from Okawaru
 19677 | Lair:5   | Received a gift from Okawaru
 20037 | Lair:5   | Identified the +10 trident "Beetlebane" {protect, Str+3
                  | Dex+4}
 20619 | D:12     | Killed Fannar
 20766 | D:12     | Found Giluck's Armour Shoppe.
 21017 | D:12     | Reached XP level 15. HP: 47/101 MP: 15/22
 21228 | D:12     | Found a hide-covered altar of Uskayaw.
 21626 | D:12     | Bought the +0 cloak of Jemothokosch {rF- Slay+2 SInv} for
                  | 273 gold pieces
 21757 | D:13     | Found a runed translucent gate.
 21757 | D:13     | Found a runed translucent gate.
 21757 | D:13     | Found a runed translucent gate.
 21761 | D:13     | Noticed Dirian's ghost (journeyman MiFi)
 21761 | D:13     | Noticed Kiokkeho's ghost (journeyman TrMo)
 21813 | D:13     | Reached skill level 10 in Invocations
 22329 | D:13     | Received a gift from Okawaru
 22491 | D:13     | Found a gate to the Vaults.
 22562 | D:13     | Reached skill level 15 in Fighting
 23885 | D:15     | Entered Level 15 of the Dungeon
 23914 | D:15     | Received a gift from Okawaru
 23991 | D:15     | Found a snail-covered altar of Cheibriados.
 24292 | D:15     | Noticed Josephine
 24292 | D:15     | Found the +7 captain's cutlass {speed, disarm}
 24297 | D:15     | Killed Josephine
 24373 | Arena    | Entered the Arena
 24569 | D:15     | Reached skill level 15 in Armour
 24918 | D:15     | Found a staircase to the Depths.
 25308 | Orc:1    | Entered Level 1 of the Orcish Mines
 25309 | Arena    | Entered the Arena
 25456 | Orc:1    | Noticed Gastronok
 25887 | Orc:1    | Killed Gastronok
 26182 | Orc:2    | Entered Level 2 of the Orcish Mines
 26291 | Orc:2    | Found a staircase to the Elven Halls.
 26986 | Orc:2    | Noticed Jorgrun
 27312 | Orc:2    | Reached XP level 16. HP: 110/110 MP: 23/23
 27327 | Orc:2    | Killed Jorgrun
 27548 | Orc:2    | Found Ycatyu's Antique Weapon Shoppe.
 27897 | Orc:2    | Found Teanteqo's Book Shoppe.
 27959 | Orc:2    | Found Zaalummu's Assorted Antiques.
 28250 | Orc:2    | Bought a scroll of enchant weapon for 180 gold pieces
 28402 | D:8      | Bought a +2 plate armour of fire resistance for 560 gold
                  | pieces
 28596 | D:13     | Killed Kiokkeho's ghost
 28602 | D:13     | Killed Dirian's ghost
 28928 | Swamp:1  | Entered Level 1 of the Swamp
 29379 | Snake:1  | Entered Level 1 of the Snake Pit
 29915 | Snake:1  | Found Itukosm's Jewellery Shoppe.
 29916 | Snake:1  | Found Oxoeh's Book Boutique.
 29918 | Snake:1  | Found Seitem's Jewellery Shoppe.
 29928 | Snake:1  | Bought the amulet "Ofot" {Reflect Str+5 SH+5} for 807 gold
                  | pieces
 30295 | Snake:1  | Identified a scroll of acquirement
 30470 | Snake:1  | Received a gift from Okawaru
 30624 | Snake:1  | Acquired 869 gold pieces
 31027 | Snake:2  | Noticed Vashnia
 32069 | Snake:2  | Killed Vashnia
 32370 | Snake:3  | Reached XP level 17. HP: 87/120 MP: 24/24
 33097 | Snake:3  | Received a gift from Okawaru
 33207 | Snake:3  | Found Nienled's Magic Scroll Shop.
 33215 | Snake:3  | Bought a scroll of identify for 38 gold pieces
 33216 | Snake:3  | Bought a scroll of teleportation for 57 gold pieces
 33216 | Snake:3  | Bought a scroll of teleportation for 57 gold pieces
 33753 | Snake:4  | Entered Level 4 of the Snake Pit
 33974 | Snake:4  | Noticed Asterion
 33980 | Snake:4  | Noticed an Executioner
 33983 | Arena    | Entered the Arena
 33984 | Arena    | Noticed an Executioner
 33985 | Arena    | Killed Asterion
 34179 | Snake:4  | Received a gift from Okawaru
 35768 | Snake:4  | Got a serpentine rune of Zot
 36411 | Swamp:1  | Received a gift from Okawaru
 36589 | Swamp:1  | Reached XP level 18. HP: 127/131 MP: 26/26
 37037 | Swamp:2  | Identified the ring "Lel Yxzo" {rCorr SInv}
 37563 | D:12     | Bought a scarf of resistance for 512 gold pieces
 38120 | Snake:1  | Bought a +6 ring of strength for 648 gold pieces
 38212 | Swamp:2  | You are sucked into a shaft and drop 1 floor!
 38440 | Swamp:2  | Reached skill level 10 in Shields
 39307 | Swamp:4  | Entered Level 4 of the Swamp
 39307 | Swamp:4  | Noticed a tentacled monstrosity
 39440 | Swamp:3  | Received a gift from Okawaru
 40607 | Swamp:4  | Received a gift from Okawaru
 40639 | Swamp:4  | Killed a tentacled monstrosity
 40844 | Swamp:4  | Got a decaying rune of Zot
 41070 | Swamp:4  | Identified the +8 battleaxe "Cosy" {drain, Int+2 Dex+3}
 41552 | Depths:1 | Entered Level 1 of the Depths
 41624 | Depths:1 | Received a gift from Okawaru
 41641 | Depths:1 | Reached XP level 19. HP: 97/139 MP: 28/28
 41836 | Depths:1 | Noticed the Enchantress
 41839 | Arena    | Entered the Arena
 41861 | Arena    | Killed the Enchantress
 42246 | Depths:1 | Found a runed translucent gate.
 42246 | Depths:1 | Found a runed translucent gate.
 42246 | Depths:1 | Found a runed translucent gate.
 42574 | Depths:1 | Found a gateway to Hell.
 42909 | Depths:1 | Acquired 1184 gold pieces
 42910 | Depths:1 | Acquired the +0 kite shield "Qetar" {Will+ Str+2 Int+3}
 43059 | Depths:2 | Received a gift from Okawaru
 43373 | Depths:2 | Noticed Vv
 43392 | Depths:2 | Killed Vv
 43567 | Depths:2 | Noticed Saint Roka
 43578 | Depths:2 | Killed Saint Roka
 43582 | Depths:2 | Noticed a juggernaut
 43611 | Depths:2 | Killed a juggernaut
 43666 | Depths:2 | You are sucked into a shaft and drop 2 floors!
 43666 | Depths:4 | Entered Level 4 of the Depths
 43666 | Depths:4 | Noticed a juggernaut
 43720 | Depths:4 | Received a gift from Okawaru
 44034 | Depths:2 | Reached XP level 20. HP: 131/148 MP: 29/29
 44445 | Depths:2 | Found a one-way gate leading to the halls of Pandemonium.
 45087 | Depths:2 | Received a gift from Okawaru
 45257 | Depths:2 | Noticed a juggernaut
 45425 | Depths:2 | Killed a juggernaut
 45520 | Depths:2 | Found a one-way gateway to a ziggurat.
 45543 | Depths:2 | Reached skill level 15 in Shields
 45885 | Depths:3 | Found a transporter.
 45918 | Depths:3 | Found a transporter.
 46025 | Depths:3 | Acquired 276 gold pieces
 46813 | Depths:3 | Found a one-way gate to the infinite horrors of the Abyss.
 46860 | Depths:3 | Received a gift from Okawaru
 46989 | Depths:3 | Noticed Mara
 47010 | Depths:3 | Noticed dannycarnage's illusion
 47011 | Depths:3 | Killed Mara
 47273 | Depths:3 | Found a portal to a secret trove of treasure.
 47647 | Depths:4 | Noticed a juggernaut
 47662 | Depths:4 | Killed a juggernaut
 47776 | Depths:4 | Killed a juggernaut
 47869 | Depths:4 | Received a gift from Okawaru
 48079 | Depths:4 | Found a gate to the Realm of Zot.
 48608 | Depths:4 | Reached XP level 21. HP: 130/146 MP: 30/30
 49130 | Elf:1    | Entered Level 1 of the Elven Halls
 49258 | Elf:1    | Noticed Louise
 49276 | Elf:1    | Killed Louise
 49434 | Elf:1    | Noticed Norris
 49479 | Elf:1    | Killed Norris
 49913 | Elf:1    | Noticed Zenata
 49942 | Elf:1    | Killed Zenata
 50626 | Elf:1    | Found Qitruj's Antique Armour Shoppe.
 51078 | Elf:2    | Reached skill level 5 in Dodging
 51636 | Elf:2    | Found a bloodstained altar of Trog.
 51741 | Elf:2    | Received a gift from Okawaru
 51755 | Elf:2    | Found a runed translucent gate.
 51755 | Elf:2    | Found a runed translucent gate.
 51755 | Elf:2    | Found a runed translucent gate.
 51799 | Elf:3    | Entered Level 3 of the Elven Halls
 52266 | Elf:3    | Found Xutzemm's CLEARANCE SALE!.
 53355 | Elf:3    | Got the Anthology of Frigid Bones
 53436 | Elf:3    | Identified the ring of Paranoia {rF+ rC+ Str+4}
 53471 | Elf:3    | Received a gift from Okawaru
 53608 | Elf:3    | Identified the +1 scale mail of Carved Birdsong {Fly Will++
                  | Int+2 Dex-5}
 53614 | Elf:3    | Identified the +8 scimitar of a ziggurat {freeze, rN+
                  | Will+}
 53617 | Elf:3    | Identified the +4 chain mail "Riydabul" {rPois}
 53625 | Elf:3    | Identified the +2 leather armour of Sepn {rC+}
 53629 | Elf:3    | Got the Omnibus of the Cemetery
 53632 | Elf:3    | Identified the +2 swamp dragon scales of the Volcano {rPois
                  | Will++ Regen+}
 53636 | Elf:3    | Upgraded the game from 0.31.0-4-g52a2dc7128 to
                  | 0.31.0-9-g3a7656b989
 53999 | D:7      | Killed Maurice
 54048 | D:7      | Found a large runed translucent door.
 54048 | D:7      | Found a large runed translucent door.
 54058 | D:7      | Killed Joseph
 54139 | D:7      | Noticed Jeremiah
 54157 | D:7      | Killed Jeremiah
 54321 | D:7      | Noticed Duvessa
 54321 | D:7      | Noticed Dowan
 54325 | D:7      | Killed Duvessa
 54328 | D:7      | Killed Dowan
 54623 | Vaults:1 | Entered Level 1 of the Vaults
 55095 | Vaults:1 | Reached XP level 22. HP: 163/166 MP: 31/31
 55788 | Vaults:1 | Noticed Boris
 56088 | Vaults:1 | Killed Boris
 56088 | Vaults:1 | Received a gift from Okawaru
 56862 | Vaults:2 | Reached skill level 27 in Fighting
 56883 | Vaults:2 | Reached skill level 1 in Spellcasting
 56957 | Vaults:2 | Noticed Nikola
 57009 | Vaults:2 | Killed Nikola
 57191 | Vaults:2 | Learned a level 2 spell: Lesser Beckoning
 57194 | Vaults:2 | Learned a level 2 spell: Blink
 57199 | Vaults:2 | Learned a level 4 spell: Passage of Golubria
 57283 | Vaults:2 | Received a gift from Okawaru
 57304 | Vaults:2 | Found a staircase to the Crypt.
 57641 | D:9      | Fell from the grace of Okawaru
 57641 | D:9      | Became a worshipper of the Shining One
 57902 | Crypt:1  | Entered Level 1 of the Crypt
 57925 | Crypt:1  | Reached skill level 1 in Translocations
 57937 | Crypt:1  | Reached * piety under the Shining One
 58788 | Vaults:2 | You are sucked into a shaft and drop 1 floor!
 59178 | Crypt:1  | Reached ** piety under the Shining One
 59898 | Crypt:1  | Reached *** piety under the Shining One
 60562 | Crypt:1  | Noticed Xtahua
 60600 | Crypt:1  | Killed Xtahua
 61202 | Crypt:2  | Reached **** piety under the Shining One
 61340 | Crypt:2  | Noticed Boris
 61400 | Crypt:2  | Was forgiven by Okawaru
 61451 | Crypt:2  | Reached skill level 5 in Spellcasting
 61451 | Crypt:2  | Reached XP level 23. HP: 69/175 MP: 32/32
 61921 | Crypt:2  | Identified the +1 robe of Jautixut {rElec Will++ Dex+3}
 61933 | Crypt:2  | Killed Boris
 62466 | Crypt:3  | Entered Level 3 of the Crypt
 62478 | Crypt:3  | Reached ***** piety under the Shining One
 62667 | Crypt:2  | Found an ancient bone altar of Kikubaaqudgha.
 62696 | Crypt:3  | Noticed a royal mummy
 62704 | Crypt:3  | Noticed a royal mummy
 62704 | Crypt:3  | Noticed Khufu
 62712 | Crypt:3  | Killed a royal mummy
 62722 | Crypt:3  | HP: 13/262 [emperor scorpion[Khufu] (15)]
 62723 | Crypt:3  | HP: 3/262 [Khufu/divine providence (11)]
 63888 | Vaults:2 | Reached skill level 5 in Translocations
 64187 | Vaults:2 | Found a staircase to the Crypt.
 65284 | Vaults:3 | Identified the +9 war axe of Untimely Demise {freeze, rElec
                  | Str+2 Int-5 Dex+6}
 66263 | Vaults:4 | Noticed Margery
 66642 | Vaults:4 | Identified the +0 robe of the Monkey {rF+ rN+ Int+2}
 67256 | Vaults:4 | Found Leoblen's Magic Scroll Shop.
 67272 | Vaults:4 | Bought a scroll of revelation for 157 gold pieces
 67272 | Vaults:4 | Bought a scroll of acquirement for 1092 gold pieces
 67272 | Vaults:4 | Bought a scroll of revelation for 157 gold pieces
 67272 | Vaults:4 | Bought a scroll of enchant weapon for 157 gold pieces
 67274 | Vaults:4 | Acquired a +2 crystal plate armour
 67594 | Vaults:4 | Killed Margery
 67982 | Vaults:4 | Reached XP level 24. HP: 149/181 MP: 33/33
 68114 | Vaults:4 | Reached ****** piety under the Shining One
 68767 | Elf:3    | Identified a +9 sacred scourge of holy wrath (a +9 heavy
                  | demon whip blessed by the Shining One)
 68767 | Elf:3    | Received a gift from the Shining One
 69208 | Vaults:5 | Entered Level 5 of the Vaults
 69362 | Vaults:5 | Noticed a dread lich
 69375 | Vaults:5 | Killed a dread lich
 69532 | Vaults:5 | Identified the +0 shortbow "Hifuzyne" {drain, rElec rCorr
                  | Str+2}
 69561 | Vaults:5 | Reached skill level 15 in Invocations
 69919 | Vaults:5 | Learned a level 1 spell: Apportation
 70080 | Vaults:5 | Identified the +11 hand axe of Subjectivity {drain, rF-
                  | Int+2 SInv}
 70223 | Vaults:5 | Noticed an ancient lich
 70235 | Vaults:5 | Killed an ancient lich
 71107 | Vaults:5 | Noticed an ancient lich
 71114 | Vaults:5 | Killed an ancient lich
 71264 | Vaults:5 | Noticed a dread lich
 71273 | Vaults:5 | Killed a dread lich
 71614 | Vaults:5 | Identified the +0 pair of boots "Aloun" {rF- Str+2 SInv}
 71619 | Vaults:5 | Got the Vellum of the Birds and the Jaunt
 71660 | Vaults:5 | Identified the +3 short sword "Kefemos" {elec, Dex+3}
 71718 | Vaults:5 | Got a silver rune of Zot
 71793 | Vaults:5 | Found Olit's Armour Shoppe.
 71855 | Vaults:5 | Found Qiroec's Distillery.
 71866 | Vaults:5 | Bought a potion of magic for 152 gold pieces
 71866 | Vaults:5 | Bought a potion of magic for 152 gold pieces
 72260 | Zot:1    | Entered Level 1 of the Realm of Zot
 72307 | Zot:1    | Reached XP level 25. HP: 162/187 MP: 36/36
 72394 | Zot:1    | Noticed Grunn
 72432 | Zot:1    | Killed Grunn
 73488 | Zot:1    | Identified the +4 short sword of Symmetry {venom, Int-3
                  | Dex+7}
 74254 | Zot:2    | Learned a level 4 spell: Manifold Assault
 74889 | Zot:3    | Noticed an orb of fire
 76062 | Zot:3    | Gained mutation: You occasionally lose the ability to read
                  | scrolls when taking damage. [an orb of fire]
 76066 | Zot:3    | Gained mutation: Your magical capacity is low. (-10% MP)
                  | [an orb of fire]
 76071 | Zot:3    | Killed an orb of fire
 76203 | Zot:2    | Lost mutation: Your magical capacity is low. (-10% MP)
                  | [potion of mutation]
 76203 | Zot:2    | Lost mutation: You occasionally lose the ability to read
                  | scrolls when taking damage. [potion of mutation]
 76203 | Zot:2    | Gained mutation: You are robust. (+10% HP) [potion of
                  | mutation]
 76203 | Zot:2    | Gained mutation: You are very robust. (+20% HP) [potion of
                  | mutation]
 76203 | Zot:2    | Gained mutation: You have hidden genetic potential. [potion
                  | of mutation]
 76548 | Zot:3    | Reached XP level 26. HP: 231/231 MP: 21/37
 76907 | Zot:4    | Reached skill level 10 in Translocations
 77427 | Zot:4    | Found a huge runed translucent gate.
 77556 | Zot:4    | Found a huge runed translucent gate.
 77556 | Zot:4    | Found a huge runed translucent gate.
 77661 | Zot:4    | Found a huge runed translucent gate.
 77661 | Zot:4    | Found a huge runed translucent gate.
 77662 | Zot:4    | Found a huge runed translucent gate.
 77662 | Zot:4    | Found a huge runed translucent gate.
 77663 | Zot:4    | Found a huge runed translucent gate.
 77663 | Zot:4    | Found a huge runed translucent gate.
 77664 | Zot:4    | Found a huge runed translucent gate.
 77664 | Zot:4    | Found a huge runed translucent gate.
 77664 | Zot:4    | Found a huge runed translucent gate.
 77664 | Zot:4    | Found a huge runed translucent gate.
 77664 | Zot:4    | Found a huge runed translucent gate.
 77664 | Zot:4    | Found a huge runed translucent gate.
 77665 | Zot:4    | Found a huge runed translucent gate.
 77665 | Zot:4    | Found a huge runed translucent gate.
 77754 | Zot:4    | Found a huge runed translucent gate.
 77761 | Zot:4    | Found a huge runed translucent gate.
 77762 | Zot:4    | Found a huge runed translucent gate.
 77763 | Zot:4    | Found a huge runed translucent gate.
 77763 | Zot:4    | Found a huge runed translucent gate.
 77768 | Zot:4    | Found a huge runed translucent gate.
 77769 | Zot:4    | Found a huge runed translucent gate.
 77769 | Zot:4    | Found a huge runed translucent gate.
 77769 | Zot:4    | Found a huge runed translucent gate.
 77769 | Zot:4    | Found a huge runed translucent gate.
 77773 | Zot:4    | Found a huge runed translucent gate.
 77774 | Zot:4    | Found a huge runed translucent gate.
 77775 | Zot:4    | Found a huge runed translucent gate.
 77775 | Zot:4    | Found a huge runed translucent gate.
 77780 | Zot:4    | Found a huge runed translucent gate.
 77781 | Zot:4    | Found a huge runed translucent gate.
 77782 | Zot:4    | Found a huge runed translucent gate.
 77782 | Zot:4    | Found a huge runed translucent gate.
 77783 | Zot:4    | Found a huge runed translucent gate.
 78810 | Zot:5    | Entered Level 5 of the Realm of Zot
 79587 | Zot:5    | Noticed an ancient lich
 79595 | Zot:5    | Killed an ancient lich
 79733 | Zot:5    | Noticed a dread lich
 79743 | Zot:5    | Killed a dread lich
 79758 | Zot:5    | Noticed an orb of fire
 79771 | Zot:5    | Gained mutation: You occasionally lose the ability to read
                  | scrolls when taking damage. [an orb of fire]
 80085 | Zot:4    | Lost mutation: You occasionally lose the ability to read
                  | scrolls when taking damage. [potion of mutation]
 80085 | Zot:4    | Lost mutation: You are very robust. (+20% HP) [potion of
                  | mutation]
 80085 | Zot:4    | Gained mutation: You are clumsy. (Dex -2) [potion of
                  | mutation]
 80163 | Zot:5    | Lost mutation: You are robust. (+10% HP) [an orb of fire]
 80175 | Zot:5    | Killed an orb of fire
 80233 | Zot:5    | Noticed a Killer Klown
 80249 | Zot:5    | Killed a Killer Klown
 80266 | Zot:5    | Noticed a dread lich
 80266 | Zot:5    | Noticed an ancient lich
 80273 | Zot:5    | Killed a dread lich
 80274 | Zot:5    | Killed an ancient lich
 80444 | Zot:5    | Noticed a dread lich
 80478 | Zot:5    | Killed a dread lich
 80482 | Zot:5    | Gained mutation: Your mind is acute. (Int +4, Str/Dex -1)
                  | [hidden potential]
 80905 | Zot:5    | Reached XP level 27. HP: 164/199 MP: 38/38
 81624 | Slime:1  | Entered Level 1 of the Pits of Slime
 81857 | Slime:3  | Gained mutation: You occasionally lose the ability to drink
                  | potions when taking damage. [a shining eye]
 81862 | Slime:2  | Lost mutation: You occasionally lose the ability to drink
                  | potions when taking damage. [potion of mutation]
 81862 | Slime:2  | Lost mutation: You have hidden genetic potential. [potion
                  | of mutation]
 81862 | Slime:2  | Gained mutation: Your muscles are strong. (Str +4, Int/Dex
                  | -1) [potion of mutation]
 82572 | Slime:2  | Gained mutation: You occasionally lose the ability to read
                  | scrolls when taking damage. [a shining eye]
 82581 | Slime:1  | Lost mutation: Your muscles are strong. (Str +4, Int/Dex
                  | -1) [potion of mutation]
 82581 | Slime:1  | Lost mutation: Your mind is acute. (Int +4, Str/Dex -1)
                  | [potion of mutation]
 82581 | Slime:1  | Lost mutation: You occasionally lose the ability to read
                  | scrolls when taking damage. [potion of mutation]
 82581 | Slime:1  | Gained mutation: Your muscles are strong. (Str +4, Int/Dex
                  | -1) [potion of mutation]
 82581 | Slime:1  | Gained mutation: You possess an exceptional clarity of
                  | mind. [potion of mutation]
 82581 | Slime:1  | Lost mutation: You are clumsy. (Dex -2) [potion of
                  | mutation]
 82798 | Slime:3  | Gained mutation: Armour fits poorly on your strangely
                  | shaped body. [a shining eye]
 82801 | Slime:3  | Lost mutation: Your muscles are strong. (Str +4, Int/Dex
                  | -1) [a shining eye]
 83115 | Slime:5  | Entered Level 5 of the Pits of Slime
 83206 | Slime:5  | Found a viscous altar of Jiyva.
 83214 | Slime:5  | Noticed the Royal Jelly
 83232 | Slime:5  | Killed the Royal Jelly
 84196 | Slime:5  | Identified the amulet "Ragos" {Faith rF++ Will+}
 84249 | Slime:5  | Identified the +4 demon trident "Buczi" {elec, rF- Will+++
                  | Dex+3}
 84263 | Slime:5  | Got Sif Muna's Handbook of Summoning
 84265 | Slime:5  | Got a slimy rune of Zot
 84269 | Slime:5  | Identified the +2 robe "Dihutaesk" {Dex+2}
 84281 | Slime:5  | Identified the +2 robe of Past Mistakes {rPois Str-3 Dex+5}
 84348 | Slime:5  | Got the Parchment of Smouldering Hoarfrost
 84361 | Slime:5  | Identified the +1 scimitar of the Endless March {heavy,
                  | ^Drain rCorr Dex+5 Stlth+}
 84362 | Slime:5  | Identified the +10 dire flail "Zeloolan" {spect, rC+ Will+}
 84363 | Slime:5  | Identified the +6 plate armour "Beurouma" {Harm rElec rN+}
 84429 | Slime:5  | Identified the staff of Obunast {Str+3 Int-2 Stlth+ Conj
                  | Summ}
 84443 | Slime:5  | Identified the staff of the Doomed Warrior {*Slow rPois rC+
                  | rN+ Alchemy}
 84451 | Slime:5  | Identified the +4 chain mail of Life {-Tele ^Drain rF++
                  | rCorr}
 84460 | Slime:5  | Identified the +2 ring mail "Wiom" {rC+ Will+ Dex+3}
 85136 | Depths:3 | Voluntarily entered the Abyss.
 85136 | Abyss:1  | Found a corrupted altar of Lugonu.
 85276 | Abyss:3  | Got an abyssal rune of Zot
 85282 | Abyss:3  | Paralysed by accursed screaming for 1 turns
 85292 | Abyss:3  | Paralysed by accursed screaming for 2 turns
 85302 | Abyss:3  | Paralysed by accursed screaming for 2 turns
 85315 | Depths:3 | Escaped the Abyss
 85611 | Depths:3 | You showed the abyssal rune of Zot to enter a treasure
                  | trove
 85612 | Trove    | Entered a treasure trove
 85614 | Trove    | Found the ring of the Octopus King
 85618 | Trove    | Identified a ring of the Octopus King {Wiz HP+2 AC+2 EV+2
                  | SH+2}
 85620 | Trove    | Identified the amulet of Lilacs {Spirit rC+ Will+ Int+3
                  | Stlth+}
 85625 | Trove    | Identified the amulet of Xuantaz {Spirit rPois Regen+}
 85629 | Trove    | Identified the amulet of Uriruddo {Acrobat Will+}
 85631 | Trove    | Identified the ring "Detydwep" {Str+4 SInv}
 85634 | Trove    | Identified the ring "Seymam" {rC- rN+ Str+3 SInv Stlth+}
 85636 | Trove    | Identified the amulet of Utreah {Reflect +Blink SH+5}
 85908 | Pan      | Entered Pandemonium
 86456 | Pan      | Noticed Ogiwauf the pandemonium lord
 86465 | Pan      | Killed Ogiwauf the pandemonium lord
 86717 | Pan      | Got a demonic rune of Zot
 87073 | Pan      | Noticed Cagosil the pandemonium lord
 87080 | Pan      | Killed Cagosil the pandemonium lord
 87241 | Pan      | Entered the realm of Cerebov.
 87328 | Pan      | Got Sif Muna's Discourse on the Glacier
 87329 | Pan      | Identified the scarf of Nyiwelum {+Inv, Regen+ Str+4}
 87426 | Pan      | Found the +6 sword of Cerebov {flame}
 87426 | Pan      | Noticed Cerebov
 87501 | Pan      | Killed Cerebov
 88001 | Pan      | Got the Spellbook of the Sixfirhy and the Mob
 88038 | Pan      | Identified the amulet "Pirphaba" {Faith rN+}
 88039 | Pan      | Identified the +10 falchion "Lifebane" {drain, Int+2 Dex+2}
 88040 | Pan      | Identified the ring "Raylaeramn" {rPois rC+ Int+3}
 88044 | Pan      | Identified the +8 hand axe of the Bespelling Shrike {vamp,
                  | ^Drain Will+ Int+3 Dex+4}
 88093 | Pan      | Got a fiery rune of Zot
 88332 | Pan      | Noticed Fos Ijo the pandemonium lord
 88350 | Pan      | Killed Fos Ijo the pandemonium lord
 88397 | Pan      | Reached skill level 27 in Invocations
 88495 | Pan      | Found an exit through the horrors of the Abyss.
 88876 | Pan      | Noticed Mauhikua the pandemonium lord
 88890 | Pan      | Killed Mauhikua the pandemonium lord
 88900 | Pan      | Entered the realm of Gloorx Vloq.
 89276 | Pan      | Noticed Gloorx Vloq
 89292 | Pan      | Killed Gloorx Vloq
 89315 | Pan      | Got a dark rune of Zot
 89610 | Pan      | Noticed Povvuhoj the pandemonium lord
 89637 | Pan      | Killed Povvuhoj the pandemonium lord
 89764 | Pan      | Entered the realm of Lom Lobon.
 90155 | Pan      | Reached skill level 10 in Spellcasting
 90287 | Pan      | Identified the +6 tower shield of Noon {rPois Will+}
 90299 | Pan      | Noticed Lom Lobon
 90305 | Pan      | Was placed under penance by the Shining One
 90327 | Pan      | Killed Lom Lobon
 90565 | Pan      | Got a magical rune of Zot
 90822 | Pan      | Reached skill level 10 in Dodging
 91085 | Pan      | Was forgiven by the Shining One
 91177 | Pan      | Noticed Sakker the pandemonium lord
 91190 | Pan      | Killed Sakker the pandemonium lord
 91242 | Pan      | Entered the realm of Mnoleg.
 91270 | Pan      | Gained mutation: You are clumsy. (Dex -2) [a cacodemon]
 91516 | Pan      | Was placed under penance by the Shining One
 91856 | Pan      | Was forgiven by the Shining One
 92356 | Pan      | Noticed Mnoleg
 92377 | Pan      | Killed Mnoleg
 92443 | Pan      | Got a glowing rune of Zot
 92511 | Pan      | Reached skill level 27 in Armour
 92557 | Pan      | Gained mutation: You have hidden genetic defects. [a
                  | cacodemon]
 92620 | Pan      | Noticed Darion the pandemonium lord
 92641 | Pan      | Killed Darion the pandemonium lord
 92919 | Pan      | Found an exit through the horrors of the Abyss.
 92929 | Pan      | Took an exit into the Abyss.
 92929 | Abyss:4  | Escaped into the Abyss
 93092 | Abyss:4  | Gained mutation: You are weak. (Str -2) [hidden defects]
 93184 | Depths:3 | Escaped the Abyss
 93187 | Depths:3 | Lost mutation: You are weak. (Str -2) [potion of mutation]
 93187 | Depths:3 | Lost mutation: You are clumsy. (Dex -2) [potion of
                  | mutation]
 93187 | Depths:3 | Lost mutation: You have hidden genetic defects. [potion of
                  | mutation]
 93837 | D:8      | Bought a scroll of identify for 26 gold pieces
 93838 | D:8      | Upgraded the game from 0.31.0-9-g3a7656b989 to
                  | 0.31.0-10-gcf4a605ca0
 94168 | Hell     | Entered the Vestibule of Hell
 94168 | Hell     | Noticed Geryon
 94174 | Hell     | Noticed Murray
 94178 | Hell     | Killed Geryon
 94187 | Hell     | Killed Murray
 94469 | Hell     | Found a gateway to the Iron City of Dis.
 94578 | Hell     | Found a gateway to the ashen valley of Gehenna.
 94708 | Hell     | Found a gateway to the decaying netherworld of Tartarus.
 94775 | Hell     | Found a gateway to the freezing wastes of Cocytus.
 94887 | Tar:1    | Entered Level 1 of Tartarus
 96555 | Tar:5    | You are sucked into a shaft and drop 1 floor!
 96662 | Tar:6    | Reached skill level 27 in Shields
 96812 | Tar:7    | Entered Level 7 of Tartarus
 98257 | Tar:7    | Noticed Ereshkigal
 98282 | Tar:7    | Killed Ereshkigal
 98408 | Tar:7    | Got a bone rune of Zot
 98686 | Tar:7    | Identified the +3 lajatang of Vietab {freeze, Dex+2}
 99216 | Tar:7    | Identified the +1 robe of Koxahig {+Blink rN+}
 99814 | Geh:1    | Entered Level 1 of Gehenna
100002 | Geh:1    | Reached skill level 10 in Evocations
103012 | Geh:7    | Entered Level 7 of Gehenna
103716 | Geh:7    | Reached skill level 15 in Dodging
103919 | Geh:7    | Found the +13 sceptre of Asmodeus
103919 | Geh:7    | Noticed Asmodeus
103951 | Geh:7    | Killed Asmodeus
104176 | Geh:7    | Got an obsidian rune of Zot
104392 | Dis:1    | Entered Level 1 of the Iron City of Dis
104541 | Dis:1    | You are sucked into a shaft and drop 1 floor!
106217 | Dis:5    | Reached skill level 15 in Evocations
107386 | Dis:6    | Found a huge runed translucent gate.
107386 | Dis:6    | Found a huge runed translucent gate.
107386 | Dis:6    | Found a huge runed translucent gate.
107386 | Dis:6    | Found a huge runed translucent gate.
107386 | Dis:6    | Found a huge runed translucent gate.
107388 | Dis:6    | Found a huge runed translucent gate.
107388 | Dis:6    | Found a huge runed translucent gate.
107389 | Dis:6    | Found a huge runed translucent gate.
107389 | Dis:6    | Found a huge runed translucent gate.
107389 | Dis:6    | Found a huge runed translucent gate.
107389 | Dis:6    | Found a huge runed translucent gate.
107389 | Dis:6    | Found a huge runed translucent gate.
107389 | Dis:6    | Found a huge runed translucent gate.
107391 | Dis:6    | Found a huge runed translucent gate.
107393 | Dis:6    | Found a huge runed translucent gate.
107394 | Dis:6    | Found a huge runed translucent gate.
107400 | Dis:6    | Found a huge runed translucent gate.
108704 | Coc:1    | Entered Level 1 of Cocytus
108714 | Coc:1    | You are sucked into a shaft and drop 1 floor!
109084 | Coc:2    | Paralysed by a wendigo for 1 turns
109088 | Coc:2    | Paralysed by a wendigo for 1 turns
110629 | Coc:4    | Noticed an ancient lich
110648 | Coc:4    | Killed an ancient lich
110676 | Coc:4    | Paralysed by a wendigo for 1 turns
110919 | Coc:5    | Paralysed by a wendigo for 1 turns
111391 | Coc:6    | Paralysed by a wendigo for 1 turns
112132 | Coc:7    | Entered Level 7 of Cocytus
113048 | Coc:7    | Paralysed by a wendigo for 1 turns
113430 | Coc:7    | Found the +10 morningstar "Eos" {elec, Halo rElec}
113434 | Coc:7    | Identified the ring "Hinurey" {Fire rElec}
113443 | Coc:7    | Identified the amulet "Jientaes" {Regen+ Int+3}
113445 | Coc:7    | Identified the staff of the Unstoppable Loafs {rN+ Necro
                  | Air}
113447 | Coc:7    | Identified the staff of Tarex {rN+ Necro Alchemy}
113536 | Coc:7    | Noticed Antaeus
113568 | Coc:7    | Killed Antaeus
113583 | Coc:7    | Got an icy rune of Zot
114830 | Dis:6    | Found a huge runed translucent gate.
114830 | Dis:6    | Found a huge runed translucent gate.
114830 | Dis:6    | Found a huge runed translucent gate.
114830 | Dis:6    | Found a huge runed translucent gate.
114832 | Dis:6    | Found a huge runed translucent gate.
114833 | Dis:6    | Found a huge runed translucent gate.
114834 | Dis:6    | Found a huge runed translucent gate.
114834 | Dis:6    | Found a huge runed translucent gate.
114838 | Dis:6    | Found a huge runed translucent gate.
114838 | Dis:6    | Found a huge runed translucent gate.
114839 | Dis:6    | Found a huge runed translucent gate.
114969 | Dis:6    | Found a huge runed translucent gate.
114970 | Dis:6    | Found a huge runed translucent gate.
114971 | Dis:6    | Found a huge runed translucent gate.
114972 | Dis:6    | Found a huge runed translucent gate.
114972 | Dis:6    | Found a huge runed translucent gate.
114976 | Dis:6    | Found a huge runed translucent gate.
114977 | Dis:6    | Found a huge runed translucent gate.
114978 | Dis:6    | Found a huge runed translucent gate.
115013 | Dis:7    | Entered Level 7 of the Iron City of Dis
117991 | Dis:7    | Noticed a juggernaut
118004 | Dis:7    | Killed a juggernaut
118058 | Dis:7    | Identified the staff of Trauma {rElec rN+ Air}
118060 | Dis:7    | Identified the staff "Fytet" {rPois SInv Stlth+ Alchemy}
118715 | Dis:7    | Noticed a juggernaut
118731 | Dis:7    | Killed a juggernaut
118893 | Dis:7    | Found the +7 sceptre of Torment {pain, torment}
118901 | Dis:7    | Identified the +7 scimitar of Niymoet {spect, rPois Dex+6}
119463 | Dis:7    | Identified the +5 tower shield of Hodomuch {rPois Str-4
                  | Slay+2}
119951 | Dis:7    | Identified the +6 tower shield of Kopoi {Str+3}
120043 | Dis:7    | Noticed Dispater
120047 | Dis:7    | Noticed a juggernaut
120061 | Dis:7    | Killed a juggernaut
120063 | Dis:7    | Found the +4 skin of Zhor {*Englaciate rC+++ SInv}
120070 | Dis:7    | Killed Dispater
120392 | Dis:7    | Identified the +1 chain mail "Mocussiom" {rElec Stlth+}
120400 | Dis:7    | Got an iron rune of Zot
120952 | Crypt:3  | Killed Khufu
120955 | Crypt:3  | Killed a royal mummy
121730 | Crypt:3  | Found an ancient bone altar of Kikubaaqudgha.
122224 | Crypt:3  | Noticed a dread lich
122231 | Crypt:3  | Killed a dread lich
122384 | Crypt:3  | Identified the ring "Xyguileco" {*Corrode rPois rF+ rN+
                  | Dex+3}
122384 | Crypt:3  | Identified the ring of Gluttony {Fly rElec rPois rN+ MP-9}
122917 | Crypt:3  | Found a staircase to the Tomb.
123047 | Tomb:1   | Entered Level 1 of the Tomb of the Ancients
124207 | Tomb:1   | Noticed a royal mummy
124219 | Tomb:1   | Killed a royal mummy
124762 | Tomb:2   | Noticed a royal mummy
124773 | Tomb:2   | Killed a royal mummy
124774 | Tomb:2   | Noticed a royal mummy
124788 | Tomb:2   | Killed a royal mummy
124793 | Tomb:2   | Noticed a royal mummy
124796 | Tomb:2   | Noticed a royal mummy
124801 | Tomb:2   | Killed a royal mummy
124814 | Tomb:2   | Killed a royal mummy
125477 | Tomb:1   | Noticed a royal mummy
125477 | Tomb:1   | Noticed a royal mummy
125478 | Tomb:1   | Noticed a royal mummy
125480 | Tomb:1   | Noticed a royal mummy
125483 | Tomb:1   | Noticed a royal mummy
125484 | Tomb:1   | Killed a royal mummy
125488 | Tomb:1   | Killed a royal mummy
125491 | Tomb:1   | Killed a royal mummy
125498 | Tomb:1   | Noticed a royal mummy
125503 | Tomb:1   | Noticed a royal mummy
125504 | Tomb:1   | Killed a royal mummy
125513 | Tomb:1   | Killed a royal mummy
125517 | Tomb:1   | Killed a royal mummy
125528 | Tomb:1   | Killed a royal mummy
125851 | Tomb:1   | Noticed a royal mummy
125861 | Tomb:1   | Killed a royal mummy
126010 | Tomb:1   | Noticed a royal mummy
126022 | Tomb:1   | Killed a royal mummy
126150 | Tomb:1   | Noticed a royal mummy
126165 | Tomb:1   | Killed a royal mummy
126292 | Tomb:1   | Noticed a royal mummy
126308 | Tomb:1   | Killed a royal mummy
126315 | Tomb:1   | Noticed a royal mummy
126323 | Tomb:1   | Noticed a royal mummy
126326 | Tomb:1   | Killed a royal mummy
126331 | Tomb:1   | Killed a royal mummy
126332 | Tomb:1   | Reached skill level 27 in Dodging
126492 | Tomb:1   | Noticed a royal mummy
126501 | Tomb:1   | Killed a royal mummy
126577 | Tomb:1   | Noticed a royal mummy
126588 | Tomb:1   | Killed a royal mummy
126675 | Tomb:1   | Noticed a royal mummy
126926 | Tomb:1   | Noticed a royal mummy
126932 | Tomb:1   | Killed a royal mummy
126967 | Tomb:1   | Noticed a royal mummy
126969 | Tomb:1   | Noticed a royal mummy
126976 | Tomb:1   | Killed a royal mummy
126982 | Tomb:1   | Killed a royal mummy
127187 | Tomb:1   | Noticed a royal mummy
127203 | Tomb:1   | Killed a royal mummy
127289 | Tomb:1   | Killed a royal mummy
127309 | Tomb:1   | Noticed a royal mummy
127323 | Tomb:1   | Killed a royal mummy
127597 | Tomb:1   | Noticed a royal mummy
127614 | Tomb:1   | Killed a royal mummy
128288 | Zig:1    | Entered Level 1 of a ziggurat
128352 | Zig:2    | Entered Level 2 of a ziggurat
128436 | Zig:3    | Entered Level 3 of a ziggurat
128596 | Zig:4    | Entered Level 4 of a ziggurat
128743 | Zig:4    | Acquired the +7 tower shield of Follow the Leader {rF+
                  | rCorr}
128763 | Zig:5    | Entered Level 5 of a ziggurat
129032 | Zig:5    | Identified the +4 battleaxe of Petaimn {flame, Fly rC++}
129039 | Zig:5    | Identified the +4 double sword of Xaess {venom, rPois rN+++
                  | Int+3 Dex-4}
129047 | Zig:6    | Entered Level 6 of a ziggurat
129061 | Zig:6    | Noticed Wiur the pandemonium lord
129065 | Zig:6    | Killed Wiur the pandemonium lord
129148 | Zig:7    | Entered Level 7 of a ziggurat
129152 | Zig:7    | Noticed an ancient lich
129160 | Zig:7    | Killed an ancient lich
129315 | Zig:7    | Acquired 582 gold pieces
130405 | Tomb:3   | Entered Level 3 of the Tomb of the Ancients
130408 | Tomb:3   | Noticed a royal mummy
130415 | Tomb:3   | Killed a royal mummy
130441 | Tomb:3   | Noticed a royal mummy
130441 | Tomb:3   | Noticed a royal mummy
130446 | Tomb:3   | Noticed a royal mummy
130446 | Tomb:3   | Noticed a royal mummy
130446 | Tomb:3   | Killed a royal mummy
130449 | Tomb:3   | Noticed a royal mummy
130449 | Tomb:3   | Noticed a royal mummy
130450 | Tomb:3   | Killed a royal mummy
130451 | Tomb:3   | Killed a royal mummy
130452 | Tomb:3   | Killed a royal mummy
130454 | Tomb:3   | Killed a royal mummy
130454 | Tomb:3   | Killed a royal mummy
130466 | Tomb:3   | Noticed a royal mummy
130472 | Tomb:3   | Killed a royal mummy
130491 | Tomb:3   | Noticed a royal mummy
130498 | Tomb:3   | Killed a royal mummy
131414 | Tomb:3   | Got a golden rune of Zot
132187 | Zot:5    | Got the Orb of Zot
132218 | Zot:5    | Noticed Buireent the pandemonium lord
132224 | Zot:5    | Noticed an orb of fire
132764 | D:1      | Noticed Herphouh the pandemonium lord
132769 | D:$      | Escaped with the Orb!

Illustrated notes

Levels and vault maps discovered:
D:1:      psy_arrival_conway, layout_rooms, minmay_misc_feat_hallway
D:2:      layout_basic
D:3:      cheibrodos_greedy_goblins, layout_rooms, serial_shops, shop,
          biasface_ghost_orc_armoury, uniq_grinder, uniq_ijyb, uniq_pargi
D:4:      layout_basic, nicolae_qazlal_beasts_of_the_sky,
          minmay_temple_entry_proselytizer, uniq_pikel
D:5:      layout_rooms, mainiacjoe_overflow_alcove_4
D:6:      layout_cave_pools, nicolae_ru_awakened_eye,
          gammafunk_ghost_nasty_kobolds
D:7:      layout_basic, fiery_altar_vehumet, minmay_hollow_rounded_squares,
          uniq_duvessa, uniq_joseph, uniq_maurice, uniq_crazy_yiuf_cottage,
          uniq_jeremiah
D:8:      layout_rooms, ashenzari_altar_1, erik_lair_dragon, serial_shops, shop,
          nicolae_shop_hallway_stairs, shop
D:9:      layout_basic, jmf_multi_god_temple2, serial_bayou_lagoon_a
D:10:     layout_roguey, general_overflow_altar
D:11:     layout_basic, erik_orc_1, special_room [special_room_orc],
          serial_rivers, chequers_serial_rivers_large_a,
          chequers_serial_rivers_marsh, chequers_serial_rivers_micro_b,
          chequers_serial_rivers_room_a, chequers_serial_rivers_small_a,
          minmay_misc_feat_alley, dreamdust_wishing_well,
          nicolae_hepliaklqana_hazy_memory
D:12:     layout_long_grid, serial_shops, shop, drop_trap,
          nicolae_uskayaw_suspiria, uniq_fannar
D:13:     layout_basic, david_vaults_2, gammafunk_ghost_cemetery
D:14:     layout_layer_cave
D:15:     hangedman_depths_entry_try_elsewhere_first, layout_basic,
          cheibriados_altar_1, serial_library_hellmonk_recessed_alcove,
          minmay_the_grid_2x2 [minmay_the_grid_diamond_grid,
          minmay_the_grid_holed_spiral, minmay_the_grid_x,
          minmay_the_grid_prize_diamond_cup], uniq_josephine
Temple:   nicolae_temple_two_arcs
Lair:1:   layout_cave_shapes, nicolae_volcano_entry_hallway
Lair:2:   layout_chaotic_city, minmay_snake_entry_guardpost_small, basic_altar,
          serial_bayou_shore_b, grunt_megastairs_5, lemuel_fruit_tree
Lair:3:   layout_regular_city, nicolae_swamp_entry_splash_gauntlet
Lair:4:   layout_regular_city, minmay_slime_entry_oklob_open,
          beast_lair_carwin_5
Lair:5:   gammafunk_lair_ancient_temple, layout_misc_corridors,
          nicolae_lair_yak_garden
Swamp:1:  layout_falls_marsh, portal_ice_cave_entry_pillars_four,
          serial_swamp_ruin, evilmike_swamp_ruin_wall,
          evilmike_swamp_ruin_house_5, evilmike_swamp_ruin_rubble_2,
          swamp_pool_1_2, nicolae_swamp_little_swirl
Swamp:2:  layout_basic_swamp, evilmike_swamp_ruin_house_2
Swamp:3:  layout_basic_swamp, hangedman_swamp_ruin_wall,
          nicolae_swamp_long_stream
Swamp:4:  swamp_alternative, layout_basic_swamp,
          nicolae_swamp_decorative_isthmus
Snake:1:  layout_onion_interference, grunt_megastairs_3, minmay_shop_grove
Snake:2:  layout_onion_interference, uniq_vashnia
Snake:3:  layout_onion, serial_shops, nicolae_shop_advertising_works
          [nicolae_subvault_shop_adworks], nicolae_snake_salamander_stairs,
          serial_bayou_shore_a
Snake:4:  minmay_snake_end_coiled, layout_misc_corridors, uniq_asterion
Slime:1:  layout_caves
Slime:2:  layout_caves
Slime:3:  layout_caves
Slime:4:  layout_caves, basic_altar, nicolae_slime_rock_hall_of_fame
Slime:5:  slime_pit_nicolae_amoeboid
Orc:1:    layout_diamond_mine, uniq_gastronok
Orc:2:    st_orc_town, layout_caves, uniq_jorgrun
Elf:1:    eino_elf_arrival_the_gate, layout_onion_city, serial_shops,
          nicolae_shop_crystal, hangedman_elf_disciples, uniq_louise,
          uniq_norris, uniq_zenata
Elf:2:    elven_hall_of_blades_hangedman_original
          [nicolae_blade_entry_hurt_lockers], layout_rooms,
          evilmike_spriggan_trog_shrine, uniq_azrael
Elf:3:    elf_hall_gauntlet_wide, layout_geoelf_castle, nicolae_shop_clearance
Vaults:1: lightli_enter_wizlab_magi_temple, v_misc_24,
          nicolae_vaults_heart-shaped_vault, ontoclasm_vaults_decontamination,
          nicolae_vaults_network_quinsquares
          [nicolae_vaults_network_quincunx_subvault,
          nicolae_vaults_network_quincunx_subvault,
          nicolae_vaults_network_quincunx_subvault,
          nicolae_vaults_network_quincunx_subvault], hangedman_vaults_cutoff,
          grunt_vaults_hallway_short, ontoclasm_vaults_gateway,
          grunt_vaults_diagonal, vaults_room_grunt_arrival_ludios,
          nicolae_vaults_house_2, nicolae_vaults_tetromino_L_1,
          ontoclasm_vaults_chip, layout_vaults_omnigrid, uniq_boris
Vaults:2: v_misc_29, nicolae_vaults_shipping_containers_6,
          nicolae_vaults_offset_grid_hallway_2,
          minmay_crypt_entry_simple_sparse, hangedman_vaults_unwind,
          nicolae_vaults_storage_room_statues, ontoclasm_vaults_twist,
          hangedman_vaults_nails, nicolae_vaults_trapezoid_4, vaults_room_fours,
          nicolae_vaults_house_1, nicolae_vaults_closet_pinwheel_4,
          vaults_room_boxed, nicolae_vaults_two_Ls,
          nicolae_vaults_tetromino_T_1, layout_vaults_omnibox, uniq_nikola
Vaults:3: nicolae_vaults_storage_closets_1, nicolae_vaults_theta, v_rooms_4,
          v_misc_26, nicolae_vaults_little_squares_6,
          nicolae_vaults_angled_halls, nicolae_vaults_frosty_reception,
          nicolae_vaults_tetromino_Z_2, grunt_vaults_trifunnel,
          nicolae_vaults_storage_closets_2, layout_vaults_big_room
Vaults:4: v_misc_14, nicolae_vaults_mini_display_case,
          ontoclasm_vaults_ring_square, dpeg_vaults_waves,
          nicolae_vaults_ninety_degrees, v_misc_8, grunt_vaults_twisty,
          nicolae_vaults_big_angled_halls, nicolae_vaults_sesquioval_fish,
          hangedman_vaults_slice, nicolae_vaults_big_angled_halls, v_misc_14,
          ontoclasm_vaults_eye, vaults_room_hallway, layout_vaults_ring,
          serial_shops, shop, uniq_margery
Vaults:5
Crypt:1:  layout_misc_corridors, uniq_xtahua
Crypt:2:  layout_rooms, grunt_megastairs_2, lemuel_upstairs_altar
Crypt:3:  church_of_pain_bobbens, layout_chaotic_city,
          nicolae_tomb_entry_rubble_hallway, serial_sigils_hangedman_snap,
          uniq_khufu
Tomb:1:   uniq_mennas
Tomb:2
Tomb:3
Depths:1: layout_cave_pools, minmay_misc_feat_diagonals, hellmouth_1,
          pandoras_box_mu, uniq_enchantress
Depths:2: nicolae_legendary_halls, layout_honeycomb, enter_ziggurat_d,
          hell_entry, pan_entry, kennysheep_pointless_box, hellmonk_scarab_ruin,
          minmay_staircase_bubble, uniq_saint_roka, uniq_vv
Depths:3: gammafunk_the_bubble [the_bubble_gammafunk_split], layout_cave_pools,
          nicolae_hexahallways, hangedman_coc_ice_floe,
          grunt_pan_entry_in_and_out, nicolae_abyss_entry_one_way_or_another,
          nicolae_trove_entry_diagonal, serial_bayou_shore_b, uniq_mara
Depths:4: grunt_x_marks_the_spot, layout_cave_shapes,
          chequers_serial_rivers_micro_a, lightli_too_deep, serial_column_ruins,
          column_ruins_hut, column_ruins_hut, column_ruins_open_medium_water,
          column_ruins_grid_4, column_ruins_open_tiny, column_ruins_open_medium,
          column_ruins_open_large, grunt_ministairs_10
Hell
Dis:1:    layout_overlapping_boxes, lemuel_dis_dragons
Dis:2:    layout_regular_city, nicolae_dis_bowling_alley
Dis:3:    layout_jigsaw
Dis:4:    layout_subdivisions
Dis:5:    layout_subdivisions
Dis:6:    layout_subdivisions, glass_columns_a, door_vault
Dis:7:    dis_hangedman
Geh:1:    layout_gehenna_pools_basic
Geh:2:    nicolae_hells_demon_pit, layout_gehenna_pools_box
Geh:3:    layout_gehenna_pools_box, nicolae_geh_gnashing_of_teeth
Geh:4:    layout_gehenna_pools_basic
Geh:5:    layout_gehenna_lava_caves
Geh:6:    layout_gehenna_pools_box
Geh:7:    evilmike_geh
Coc:1:    layout_ice_bergs
Coc:2:    layout_ice_bergs
Coc:3:    layout_ice_bergs
Coc:4:    nicolae_coc_bergin, layout_cocytus_water_paths
Coc:5:    layout_ice_bergs
Coc:6:    layout_ice_bergs
Coc:7:    coc_dpeg
Tar:1:    layout_catacombs
Tar:2:    layout_grid_maze, nicolae_tar_combstack
Tar:3:    layout_cathedral_of_symmetry, nicolae_tar_windowcombs
Tar:4:    layout_grid_maze, nicolae_tar_spectre_spectrum
Tar:5:    layout_catacombs, nicolae_tar_cuneiform_two,
          nicolae_tar_cuneiform_to_be, lemuel_nasty_pond
Tar:6:    layout_grid_maze
Tar:7:    tar_mu [tar_mu_maze]
Zot:1:    layout_onion_interference, uniq_grunn, uniq_josephina
Zot:2:    layout_gridlike
Zot:3:    layout_misc_corridors, st_single_dragon_hoard_3
Zot:4:    hangedman_snap_crack_crunch, layout_concentric_octagons,
          not_door_vault_due
Zot:5:    layout_basic

Skill      XL: |  1  2  3  4  5  6  7  8  9 10 11 12 13 14 15 16 17 18 19 20 21 22 23 24 25 26 27 |
---------------+----------------------------------------------------------------------------------+-----
Shields        | 4 5 8 9 12 14 15 17 18 27 | 27.0
Fighting       | 4 5 6 7 8 10 11 12 14 15 18 20 22 23 24 26 27 | 27.0
Armour         | 4 5 6 7 9 10 12 15 17 18 20 21 22 24 27 | 27.0
Maces & Flails | 3 4 7 8 10 12 14 | 14.0
Invocations    | 4 5 6 9 10 11 13 18 20 22 27 | 27.0
Dodging        | 1 4 7 8 27 | 27.0
Throwing       | 5 |  5.0
Evocations     | 5 21 | 21.4
Spellcasting   | 5 8 12 | 12.0
Translocations | 3 7 9 12 | 12.0

Action                     |  1- 3 |  4- 6 |  7- 9 | 10-12 | 13-15 | 16-18 | 19-21 | 22-24 | 25-27 || total
---------------------------+-------+-------+-------+-------+-------+-------+-------+-------+-------++-------
  Melee: Flail             |   116 |   188 |   392 |   163 |       |       |       |       |       ||   859
         Morningstar       |       |       |       |   644 |   601 |       |       |       |   321 ||  1566
         Demon whip        |       |       |       |       |   663 |  1127 |  1588 |   356 |       ||  3734
         Eveningstar       |       |       |       |       |       |       |     9 |  2152 |   240 ||  2401
         Sacred scourge    |       |       |       |       |       |       |       |    26 |  7901 ||  7927
  Throw: Boomerang         |       |       |       |     4 |    20 |    61 |    28 |    22 |     1 ||   136
         Dart              |       |       |       |     4 |     6 |     1 |       |       |     4 ||    15
         Throwing net      |       |       |       |     1 |     1 |       |       |       |       ||     2
         Javelin           |       |       |       |       |       |       |       |       |    20 ||    20
   Cast: Lesser Beckoning  |       |       |       |       |       |       |       |    26 |   384 ||   410
         Apportation       |       |       |       |       |       |       |       |     1 |     2 ||     3
         Manifold Assault  |       |       |       |       |       |       |       |       |  1424 ||  1424
         Passage of Golubr |       |       |       |       |       |       |       |       |     6 ||     6
         Blink             |       |       |       |       |       |       |       |       |     2 ||     2
 Invoke: Heroism           |       |       |       |    13 |    15 |     9 |    13 |     3 |       ||    53
         Finesse           |       |       |       |     3 |     6 |     6 |     8 |     3 |       ||    26
         Receive Weapon    |       |       |       |       |     1 |       |       |       |       ||     1
         Receive Armour    |       |       |       |       |     1 |       |       |       |       ||     1
         Duel              |       |       |       |       |     2 |     1 |     1 |       |       ||     4
         Divine Shield     |       |       |       |       |       |       |       |    11 |    47 ||    58
         Cleansing Flame   |       |       |       |       |       |       |       |    22 |   212 ||   234
         Brand Weapon With |       |       |       |       |       |       |       |     1 |       ||     1
         Summon Divine War |       |       |       |       |       |       |       |       |    55 ||    55
  Evoke: Wand              |       |     6 |     2 |     7 |     7 |       |     2 |     1 |    13 ||    38
         Lightning rod     |       |       |       |       |       |     6 |     3 |     6 |       ||    15
         Phantom mirror    |       |       |       |       |       |       |       |       |     2 ||     2
         Condenser vane    |       |       |       |       |       |       |       |       |     1 ||     1
    Use: Potion            |       |     1 |       |     1 |     2 |     1 |     2 |    10 |    53 ||    70
         Scroll            |       |       |    11 |     7 |     8 |    12 |    10 |    20 |    38 ||   106
   Stab: Sleeping          |       |       |       |     1 |       |       |       |       |       ||     1
 Armour: Scale mail        |    75 |   150 |   196 |       |       |       |       |       |       ||   421
         Acid dragon scale |       |       |    63 |   446 |       |       |       |       |       ||   509
         Chain mail        |       |       |       |    19 |   782 |    43 |       |       |       ||   844
         Plate armour      |       |       |       |       |       |   934 |   819 |  1005 |       ||  2758
         Skin              |       |       |       |       |       |       |       |   148 |   261 ||   409
         Crystal plate arm |       |       |       |       |       |       |       |   496 |  3043 ||  3539
  Dodge: Dodged            |    57 |    65 |   143 |   356 |   531 |   366 |   273 |   610 |  1086 ||  3487
  Block: Buckler           |    19 |    34 |    53 |   184 |   306 |   193 |       |       |       ||   789
         Reflection        |       |       |       |       |       |    70 |    57 |   145 |    98 ||   370
         Kite shield       |       |       |       |       |       |   590 |   863 |  2237 |  4443 ||  8133
         Tower shield      |       |       |       |       |       |       |       |       |   269 ||   269
